 Dungeon Crawl Stone Soup version 0.19.0-19-g8c6edcc (webtiles) character file.

81 MovingMist the Covered (level 4, -9/29 HPs)
             Began as a Gargoyle Fighter on Nov 13, 2016.
             Mangled by an ice beast (13 damage)
             ... on level 3 of the Dungeon.
             The game lasted 00:03:20 (1501 turns).

MovingMist the Covered (Gargoyle Fighter)           Turns: 1501, Time: 00:03:21

Health: -9/29      AC: 10    Str: 20    XL:     4   Next: 40%
Magic:  4/4        EV:  7    Int:  9    God:
Gold:   131        SH:  9    Dex:  9    Spells: 0 memorised, 3 levels left

rFire  + . .     SeeInvis .     a - +0 flail
rCold  . . .     Gourm    .     b - +0 scale mail
rNeg   + . .     Faith    .     c - +0 shield
rPois  ∞         Spirit   .     (no helmet)
rElec  +         Reflect  .     (no cloak)
rCorr  .         Harm     .     (no gloves)
MR     .....                    (no boots)
Stlth  ..........               (no amulet)
                                u - ring of protection from cold
                                k - ring of fire

@: no status effects
A: negative energy resistance 1, electricity resistance, unbreathing,
petrification resistance, rot immunity, AC +3
a: no special abilities


You were on level 3 of the Dungeon.
You were not hungry.

You visited 1 branch of the dungeon, and saw 3 of its levels.

You collected 131 gold pieces.

Inventory:

Hand Weapons
 a - a +0 flail (weapon)
Armour
 b - a +0 scale mail (worn)
 c - a +0 shield (worn)
Jewellery
 k - a ring of fire (left hand)
 u - a ring of protection from cold (right hand)
 w - an uncursed ring of protection from cold
Scrolls
 e - 2 scrolls of remove curse {unknown}
 h - a scroll of fear {unknown}
 m - 2 scrolls of enchant weapon {unknown}
 n - a scroll of magic mapping {unknown}
 o - a scroll of noise {unknown}
 s - a scroll of recharging {unknown}
 x - a scroll of identify {unknown}
Potions
 d - a potion of might
 g - 2 potions of agility {unknown}
 l - a potion of berserk rage {unknown}
 p - a potion of invisibility {unknown}
 q - 2 potions of curing {unknown}
 r - a potion of lignification {unknown}
 t - a potion of ambrosia {unknown}
 v - 2 potions of haste {unknown}
Comestibles
 f - a bread ration
 i - 2 chunks of flesh
 j - a meat ration


   Skills:
 * Level 3.9 Fighting
 + Level 2.8 Maces & Flails
 + Level 4.2 Armour
 + Level 3.7 Shields


You had 3 spell levels left.
You didn't know any spells.

Dungeon Overview and Level Annotations

Branches:
Dungeon (3/15)

Altars:
Yredelemnul


Innate Abilities, Weirdness & Mutations

You are resistant to torment.
Your stone body is resilient. (AC +3)
You are immune to poison.
You resist negative energy. (rN+)
You are resistant to electric shocks. (rElec)
You can survive without breathing.
You are immune to petrification.
You are immune to rotting.


Message History

The ice beast is heavily wounded.
The ice beast hits you but does no damage.
The ice beast closely misses you.
You hit the ice beast but do no damage.
The ice beast is heavily wounded.
The ice beast hits you but does no damage.
You hit the ice beast but do no damage.
The ice beast is heavily wounded.
The ice beast hits you but does no damage.
You barely miss the ice beast.
The ice beast is heavily wounded.
You block the ice beast's attack. The ice beast hits you.
The ice beast freezes you!
* * * LOW HITPOINT WARNING * * *
You hit the ice beast.
The ice beast is severely wounded.
The ice beast hits you.
* * * LOW HITPOINT WARNING * * *
The ice beast freezes you!
You die...

#.#.####....#####
...............# #
...####....###.##.#
#....##.....
...#....##..#
............#
##.....###.##
#.....# #.# #.....#
#@# #.....# #Y#
#..... #.# #####.
#.# #. #.# #.# #.#
#.#


You could see an ice beast.

Vanquished Creatures
  4 adders (D:2)
  A worm (D:2)
  2 dart slugs (D:1)
  3 leopard geckos
  A ball python (D:2)
  A goblin (D:1)
  6 hobgoblins
  7 kobolds
  9 bats
  6 rats (D:1)
40 creatures vanquished.

Notes
Turn   | Place    | Note
-------+----------+-------------------------------------------
     0 | D:1      | MovingMist the Gargoyle Fighter began the quest for the Orb.
     0 | D:1      | Reached XP level 1. HP: 14/14 MP: 1/1
    98 | D:1      | Reached XP level 2. HP: 15/19 MP: 2/2
   354 | D:1      | Reached XP level 3. HP: 21/23 MP: 3/3
   585 | D:2      | Found a basalt altar of Yredelemnul.
   680 | D:2      | Reached skill level 4 in Armour
   969 | D:2      | Reached XP level 4. HP: 27/29 MP: 4/4
  1487 | D:3      | Noticed an ice beast
  1501 | D:3      | Mangled by an ice beast

Skill      XL: |  1  2  3 |
---------------+----------+-----
Armour         | 4 |  4.2
Fighting       | |  3.9
Maces & Flails | |  2.8
Shields        | |  3.7

Action                   |  1- 3 |  4- 6 || total
-------------------------+-------+-------++-------
Melee: Flail             |   113 |    72 ||   185
  Eat: Chunk             |       |     2 ||     2
Armor: Scale mail        |    53 |    51 ||   104
Dodge: Dodged            |    36 |    21 ||    57
Block: Shield            |    55 |    41 ||    96
